 Dungeon Crawl Stone Soup version 0.22.1-2-g9c5b331 (webtiles) character file.

1648 video the Covert (level 8, -13/58 HPs)
             Began as a Vampire Enchanter on Nov 21, 2018.
             Was an Initiate of Dithmenos.
             Mangled by an orc warlord (31 damage)
             ... in a bailey.
             The game lasted 00:46:54 (6481 turns).

video the Covert (Vampire Enchanter)                Turns: 6481, Time: 00:46:55

Health: -13/58     AC:  0    Str:  7    XL:     8   Next: 67%
Magic:  0/14       EV: 23    Int: 17    God:    Dithmenos [......]
Gold:   379        SH:  3    Dex: 22    Spells: 0/15 levels left

rFire    . . .     SeeInvis +   (weapon currently unavailable)
rCold    . . .     Gourm    .   (shield currently unavailable)
rNeg     + . .     Faith    .   (armour currently unavailable)
rPois    .         Spirit   .   (helmet currently unavailable)
rElec    .         Reflect  +   (cloak currently unavailable)
rCorr    .         Harm     .   (gloves currently unavailable)
MR       .....                  (boots currently unavailable)
Stlth    +++++++...             s - +3 amulet of reflection
HPRegen  0.19/turn              (ring currently unavailable)
MPRegen  0.14/turn              (ring currently unavailable)

@: bat-form, flying, very quick
A: tiny, fangs 3, see invisible
a: End Transformation, Renounce Religion


You were in a bailey.
You worshipped Dithmenos.
Dithmenos was noncommittal.
You were not thirsty.
You were in vampire-bat-form.
You visited 2 branches of the dungeon, and saw 8 of its levels.
You also visited: Bailey.

You collected 379 gold pieces.

Inventory:

Hand Weapons
 a - a +1 dagger (melded)
Armour
 b - the cursed +0 pair of gloves of Nemelex Xobeh's Esteem (melded) {Dex+2}
   (You found it on level 6 of the Dungeon)

   It affects your dexterity (+2).
   It has a curse placed upon it.
 n - a +0 pair of boots (melded)
 x - a +2 robe of magic resistance (melded)
Jewellery
 r - a +3 ring of protection (melded)
 s - a +3 amulet of reflection (around neck)
Wands
 i - a wand of acid (2)
 w - a wand of polymorph (11)
Scrolls
 e - a scroll of enchant weapon {unknown}
 k - 2 scrolls of teleportation
 p - a scroll of fear
 q - 2 scrolls of amnesia
 u - a scroll of immolation {unknown}
 v - 2 scrolls of magic mapping
Potions
 c - 4 potions of curing
 d - 8 potions of blood
 f - 2 potions of experience {unknown}
 g - 4 potions of heal wounds
 h - 3 potions of magic
 l - 2 potions of mutation
 o - 4 potions of resistance
 t - a potion of lignification {unknown}


   Skills:
 * Level 3.5 Fighting
 + Level 4.5 Short Blades
 + Level 4.2 Dodging
 + Level 9.3 Stealth
 + Level 4.2 Spellcasting
 + Level 7.4 Hexes
 + Level 3.3 Ice Magic


You couldn't memorise any spells.
You knew the following spells:

 Your Spells              Type           Power        Failure   Level  Hunger
a - Corona                Hex            ####...      1%          1    None
b - Ensorcelled Hibernat  Hex/Ice        ###...       2%          2    ##.....
c - Confuse               Hex            ####....     2%          3    ###....
d - Confusing Touch       Hex            ####..       1%          1    None
e - Metabolic Englaciati  Hex/Ice        ###.......   43%         5    ######.
f - Tukima's Dance        Hex            ####....     2%          3    ###....

Your spell library contained the following spells:

 Spells                   Type           Power        Failure   Level  Hunger
 Dazzling Spray           Conj/Hex       ###...       10%         3    ###....
 Magic Dart               Conj           #...         16%         1    None
 Sting                    Conj/Pois      #...         16%         1    None
 Poisonous Vapours        Pois/Air       #.....       24%         2    ##.....
 Searing Ray              Conj           #.....       24%         2    ##.....
 Fulminant Prism          Conj/Hex       ###.......   32%         4    ####...
 Gell's Gravitas          Tloc           #.........   43%         3    ###....
 Mephitic Cloud           Conj/Pois/Air  #.......     43%         3    ###....
 Yara's Violent Unravell  Hex/Tmut       ###.......   67%         5    ######.
 Force Lance              Conj/Tloc      #.......     83%         4    ####...
 Iskenderun's Mystic Bla  Conj           #.......     83%         4    ####...
 Olgreb's Toxic Radiance  Pois           #.......     83%         4    ####...
 Petrify                  Tmut/Erth      #.......     83%         4    ####...
 Venom Bolt               Conj/Pois      #.........   99%         5    ######.


Dungeon Overview and Level Annotations

Branches:
Dungeon (7/15)             Temple (1/1) D:6

Altars:
Ashenzari
Cheibriados
Dithmenos
Fedhas
Gozag
Hepliaklqana
Kikubaaqudgha
Makhleb
Nemelex Xobeh
Okawaru
Qazlal
Ru
Trog
Uskayaw
Wu Jian
Xom
Yredelemnul
Zin
The Shining One

Annotations:
D:5 1 runed door, MalarOregon's ghost, novice MfIE


Innate Abilities, Weirdness & Mutations

You have razor-sharp teeth.
You have supernaturally acute eyesight. (SInv)
((You can survive without breathing.))


Message History

The orc warlord shouts!
Your hands stop glowing.
You hit the orc warlord but do no damage.
Your bite misses the orc warlord.
The orc warlord is moderately wounded.
The orc warlord hits you.
You hit the orc warlord but do no damage.
The orc warlord is moderately wounded.
The orc warlord hits you!!
* * * LOW HITPOINT WARNING * * *
You turn into a vampire bat.
Your +1 dagger melds into your body.
The cursed +0 pair of gloves of Nemelex Xobeh's Esteem {Dex+2} melds into your Your +0 pair of boots melds into your body.
Your +2 robe of magic resistance melds into your body.
Your +3 ring of protection melds into your body.
You feel less resistant to hostile enchantments.
Your war axe hits the orc warlord but does no damage.
The orc warlord hits you!!
Ouch! That really hurt!
You die...

.##....K..##.....##
..##≈≈≈≈≈##.......##
...#≈≈≈≈≈#...8))8..##
..(#≈≈≈≈≈#..........#
...(...(('..)...)...#
.#########..(...8...#
##≈≈≈#≈≈≈####......##
#≈......≈#≈≈#.....##
#≈.........≈#...b##
##8.8...8.8≈##..o#
.#.........≈≈'..(#
.#....∩....≈≈'...#
.#.........≈≈'...#
##8.8...8.8≈##...#
#≈.........≈#....##
#≈[.....≈#≈≈#.....##
##≈≈≈#≈≈≈####......##


You could see an orc warlord and a friendly war axe.

Vanquished Creatures
  An orc knight (Bailey)
  2 orc warriors (Bailey)
  3 ogres
  A centaur (D:7)
  2 bullfrogs (D:6)
  A scorpion (D:5)
  A bullfrog zombie (D:7)
  A bullfrog skeleton (D:6)
  3 orc priests
  A hound (D:4)
  2 centaur skeletons
  An iguana (D:6)
  A worker ant (D:6)
  A killer bee zombie (D:7)
  3 hound skeletons
  2 gnolls (Bailey)
  5 adders
  A shadow imp (D:5)
  2 adder skeletons
  A dart slug (D:1)
  4 leopard geckos
  9 orcs
  4 ball pythons
  6 bats (D:1)
  7 giant cockroaches
  7 hobgoblins
  11 kobolds
  A quokka (D:4)
  10 frilled lizards
  7 goblins
  A jackal skeleton (D:4)
  4 rats
106 creatures vanquished.

Vanquished Creatures (others)
  A hobgoblin (Bailey)
  A kobold (Bailey)
2 creatures vanquished.

Grand Total: 108 creatures vanquished

Notes
Turn   | Place    | Note
-------+----------+-------------------------------------------
     0 | D:1      | video the Vampire Enchanter began the quest for the Orb.
     0 | D:1      | Reached XP level 1. HP: 13/13 MP: 3/3
   433 | D:1      | Reached XP level 2. HP: 17/19 MP: 3/5
   689 | D:1      | Learned a level 2 spell: Ensorcelled Hibernation
   798 | D:1      | Reached skill level 5 in Hexes
   863 | D:1      | Reached XP level 3. HP: 23/24 MP: 3/6
   887 | D:1      | Reached skill level 5 in Stealth
  2258 | D:2      | Found a glowing silver altar of Zin.
  2586 | D:2      | Found a hide-covered altar of Uskayaw.
  2588 | D:2      | Noticed a dagger
  2589 | D:2      | Noticed a dagger
  2915 | D:3      | Found a bloodstained altar of Trog.
  2917 | D:3      | Found an ornate altar of the Wu Jian Council.
  2998 | D:3      | Reached skill level 6 in Stealth
  2998 | D:3      | Reached XP level 4. HP: 31/31 MP: 4/7
  3259 | D:3      | Found a hazy altar of Hepliaklqana.
  3461 | D:3      | Found a snail-covered altar of Cheibriados.
  3652 | D:4      | Reached skill level 1 in Ice Magic
  3782 | D:4      | Reached XP level 5. HP: 21/36 MP: 1/8
  4002 | D:4      | Learned a level 3 spell: Confuse
  4005 | D:4      | Learned a level 1 spell: Confusing Touch
  4290 | D:4      | Noticed a phantom
  4298 | D:5      | Entered Level 5 of the Dungeon
  4302 | D:5      | Reached skill level 7 in Stealth
  4302 | D:5      | Reached XP level 6. HP: 42/42 MP: 10/10
  4337 | D:5      | Noticed an ice beast
  4718 | D:5      | Found a runed door.
  4720 | D:5      | Noticed MalarOregon's ghost (novice MfIE)
  4850 | D:5      | Reached skill level 1 in Fighting
  4972 | D:6      | Found a stormy altar of Qazlal.
  5031 | D:6      | Found a staircase to the Ecumenical Temple.
  5038 | D:6      | Reached XP level 7. HP: 36/49 MP: 8/11
  5052 | Temple   | Entered the Ecumenical Temple
  5084 | Temple   | Became a worshipper of Dithmenos the Shadowed
  5263 | D:6      | Got a pair of spiked gloves
  5269 | D:6      | Identified the cursed +0 pair of gloves of Nemelex Xobeh's
                  | Esteem {Dex+2} (You found it on level 6 of the Dungeon)
  5392 | D:6      | Found a shattered altar of Ashenzari.
  5490 | D:6      | Reached skill level 8 in Stealth
  5689 | D:7      | Found a flagged portal.
  6055 | Bailey   | Entered a bailey
  6086 | Bailey   | Noticed an orc warlord
  6225 | Bailey   | Reached XP level 8. HP: 57/57 MP: 6/13
  6227 | Bailey   | Found a runed gate.
  6232 | Bailey   | Found a runed gate.
  6256 | Bailey   | Found a runed gate.
  6264 | Bailey   | Noticed an orc knight
  6268 | Bailey   | Killed an orc knight
  6268 | Bailey   | Reached skill level 9 in Stealth
  6438 | Bailey   | Learned a level 5 spell: Metabolic Englaciation
  6442 | Bailey   | Learned a level 3 spell: Tukima's Dance
  6481 | Bailey   | Mangled by an orc warlord

Skill      XL: |  1  2  3  4  5  6  7  8 |
---------------+-------------------------+-----
Hexes          | 5 6 7 |  7.4
Stealth        | 6 7 8 9 |  9.3
Ice Magic      | 1 2 3 |  3.3
Short Blades   | 2 3 4 |  4.5
Fighting       | 1 2 3 |  3.5
Dodging        | 3 4 |  4.2
Spellcasting   | 3 4 |  4.2

Action                   |  1- 3 |  4- 6 |  7- 9 || total
-------------------------+-------+-------+-------++-------
Melee: Dagger            |   150 |   136 |   193 ||   479
       Bite              |     4 |    13 |    20 ||    37
       Unarmed           |       |       |     1 ||     1
 Cast: Corona            |     9 |       |     5 ||    14
       Ensorcelled Hiber |    13 |    38 |    34 ||    85
       Confusing Touch   |       |     1 |     1 ||     2
       Confuse           |       |     1 |       ||     1
       Tukima's Dance    |       |       |     1 ||     1
 Abil: Bat Form          |       |     4 |     2 ||     6
       End Transformatio |       |     3 |     1 ||     4
Evoke: Wand              |       |       |     1 ||     1
  Use: Potion            |     9 |    11 |    11 ||    31
       Scroll            |     3 |     6 |     5 ||    14
 Stab: Sleeping          |    19 |    20 |    19 ||    58
       Distracted        |       |       |     1 ||     1
  Eat: Corpse            |     4 |     1 |       ||     5
Armor: Robe              |    57 |    24 |    45 ||   126
Dodge: Dodged            |   154 |    99 |   161 ||   414
Block: Other             |       |     2 |    22 ||    24
       Reflection        |       |       |     3 ||     3
